 Dungeon Crawl Stone Soup version 0.29.1-1-gd02db6906a (webtiles) character file.

Game seed: 17468440241789548010

858 styxcanada the Covert (level 7, -3/35 (36) HPs)
             Began as a Spriggan Brigand on Sept 30, 2022.
             Was an Initiate of Gozag.
             Slain by a wight
             ... wielding a +5 spear
              (7 damage)
             ... on level 5 of the Dungeon on Oct 1, 2022.
             The game lasted 00:20:59 (5610 turns).

styxcanada the Covert (Spriggan Brigand)            Turns: 5610, Time: 00:21:00

HP:   -3/35 (36)    AC:  3    Str: 14    XL:     7   Next: 71%
MP:   8/8           EV: 19    Int: 19    God:    Gozag
Gold: 705           SH:  0    Dex: 18    Spells: 6/6 levels left

rFire   . . .      SeeInvis +   u - +9 long sword of Bread {vorpal, Str+7}
rCold   . . .      Faith    .   (no shield)
rNeg    . . .      Spirit   .   b - +0 robe
rPois   .          Reflect  .   (helmet restricted)
rElec   .          Harm     .   c - +0 cloak
rCorr   .          Rampage  .   (gloves unavailable)
Will    +....                   (boots unavailable)
Stlth   +++++.....              (no amulet)
HPRegen 0.11/turn               y - +6 ring of intelligence
MPRegen 0.11/turn               (no ring)

@: gold aura, lightly drained, very quick
A: very small, no large weapons, unfitting armour, see invisible, speed 3
a: Renounce Religion, Potion Petition, Call Merchant, Bribe Branch


You were on level 5 of the Dungeon.
You worshipped Gozag.
Gozag was pleased with you.
You visited 2 branches of the dungeon, and saw 6 of its levels.

You collected 761 gold pieces.
You paid 56 gold pieces to Gozag.

Inventory:

Hand Weapons
 a - a +2 dagger
 m - a +1 vorpal mace
 u - the +9 long sword of Bread (weapon) {vorpal, Str+7}
   (You found it on level 4 of the Dungeon)

   It inflicts extra damage upon your enemies.
   Str:       It affects your strength (+7).
 v - a +0 sling
Missiles
 d - 5 poisoned darts (quivered)
 e - a curare-tipped dart
 i - 58 stones
 o - 5 boomerangs
 s - a throwing net
Armour
 b - a +0 robe (worn)
 c - a +0 cloak (worn)
Jewellery
 p - a ring of fire
 y - a +6 ring of intelligence (left hand)
Wands
 x - a wand of polymorph (5)
Scrolls
 g - 3 scrolls of teleportation
 h - a scroll of fog
 l - 2 scrolls of fear
 t - a scroll of poison
 A - a scroll of magic mapping
Potions
 j - 3 potions of lignification
 k - a potion of berserk rage
 n - 3 potions of curing
 q - a potion of brilliance
 r - 2 potions of invisibility
 w - 2 potions of haste
 z - a potion of heal wounds


   Skills:
 * Level 3.2 Fighting
 + Level 2.6(3.8) Short Blades
 + Level 3.1(3.4) Long Blades
 + Level 3.2 Throwing
 * Level 4.4 Dodging
 * Level 10.0 Stealth


You had 6 spell levels left.
You didn't know any spells.
Your spell library contained the following spells:

 Spells                   Type           Power      Damage    Failure   Level
 Portal Projectile        Hex/Tloc       0%         N/A       52%         3
 Tukima's Dance           Hex            0%         N/A       52%         3
 Blade Hands              Tmut           0%         N/A       99%         5


Dungeon Overview and Level Annotations

Branches:
Dungeon (5/15)             Temple (1/1) D:4

Altars:
Gozag
Nemelex Xobeh
Okawaru
Wu Jian
Xom


Innate Abilities, Weirdness & Mutations

You are very small and have problems with some larger weapons.
You are too small for most types of armour.
You have supernaturally acute eyesight. (SInv)
You cover ground extremely quickly. (Speed+++)


Message History

A dart slug comes into view.
The helpless dart slug fails to defend itself.
You slash the dart slug!
You kill the dart slug!
You now have 705 gold pieces (gained 6).
As you open the door, it creaks loudly!
There is an open door here.
There is an open door here.
You open the door.
There is an open door here.
There is an open door here.
You open the door.
There is an open door here.
There are monsters nearby!
The wight hits you from afar with a +0 spear!
You hit the wight.
The wight is moderately damaged.
A wight comes into view. It is wielding a +3 dagger.
The wight completely misses you.
You hit the wight but do no damage.
The wight is moderately damaged.
The wight closely misses you. The wight barely misses you.
You slash the wight!
You destroy the wight!
The wight completely misses you.
Your Stealth skill increases to level 10!
There is an open door here.
Things that are here:
6 gold pieces; a +0 spear; a +0 robe You slash the wight!
The wight is almost destroyed.
The wight closely misses you. The wight hits you with a +5 spear!
You feel drained.
The wight is distracted by your dazzling golden aura.
The wight hits you with a +3 dagger! The wight hits you with a +5 spear!
* * * LOW HITPOINT WARNING * * *
The wight is no longer distracted by gold.
The wight hits you from afar with a +5 spear!
You die...
Your body crumbles into a pile of gold.

...####.....# ..... ...#..#.....#
..... ...#..#.....# .....
...#..#.....####....
...#..#.........###########
...#'##.........#..#......#
##..............#..#......#
.#..............##'##.....#
.#..............@...#....########
.#..................#....#......#
.'................zz$..z.#......#
.#..................#....'......#
.#..................####'#......#
.###+###'########'#.......#######
..........'.......#.......#
..........#.......#.......#
..........#.......#.......#


You could see 3 wights.

Vanquished Creatures
  An ogre (D:5)
  2 scorpions
  A wight (D:5)
  A jelly (D:5)
  3 orc priests (D:4)
  3 hounds (D:4)
  A gnoll bouda (D:4)
  An iguana (D:5)
  Jessica (D:2)
  An orc wizard (D:5)
  17 gnolls
  3 adders
  4 worms
  3 dart slugs
  13 orcs
  2 ball pythons (D:3)
  10 bats
  4 endoplasms
  5 giant cockroaches
  2 goblins
  4 hobgoblins
  8 jackals
  2 quokkas (D:4)
  3 frilled lizards
  4 kobolds
  4 rats
103 creatures vanquished.

Vanquished Creatures (others)
  5 fungi
  A plant (D:2)
6 creatures vanquished.

Grand Total: 109 creatures vanquished

Notes
Turn   | Place    | Note
-------+----------+-------------------------------------------
     0 | D:1      | styxcanada the Spriggan Brigand began the quest for the
                  | Orb.
     0 | D:1      | Reached XP level 1. HP: 10/10 MP: 2/2
   108 | D:1      | Reached skill level 6 in Stealth
   223 | D:1      | Reached XP level 2. HP: 14/14 MP: 3/3
  1118 | D:2      | You fall into a shaft and drop 2 floors!
  1147 | D:4      | Noticed a scorpion
  1191 | D:4      | Reached skill level 7 in Stealth
  1191 | D:4      | Reached XP level 3. HP: 17/18 MP: 4/4
  1275 | D:4      | Identified the +9 long sword of Bread {vorpal, Str+7}
  1338 | D:4      | Reached XP level 4. HP: 23/23 MP: 5/5
  1347 | D:4      | Found a staircase to the Ecumenical Temple.
  1358 | Temple   | Entered the Ecumenical Temple
  1363 | Temple   | Became a worshipper of Gozag Ym Sagoz the Greedy
  1513 | D:3      | Reached skill level 8 in Stealth
  1830 | D:2      | Found a faded altar of an unknown god.
  1905 | D:2      | Noticed Jessica
  1930 | D:2      | Killed Jessica
  1931 | D:2      | Reached XP level 5. HP: 14/26 MP: 6/6
  2578 | D:3      | Found a sparkling altar of Nemelex Xobeh.
  3045 | D:3      | Identified the +3 leather armour of Cecluis {rCorr Int+4}
  3164 | D:3      | Found an iron altar of Okawaru.
  3434 | D:3      | Reached skill level 1 in Long Blades
  3440 | D:3      | Found a shimmering altar of Xom.
  3470 | D:3      | Found an ornate altar of the Wu Jian Council.
  3553 | D:4      | Reached XP level 6. HP: 19/30 MP: 7/7
  3706 | D:4      | Reached skill level 9 in Stealth
  4251 | D:5      | Entered Level 5 of the Dungeon
  4273 | D:5      | Reached XP level 7. HP: 35/35 MP: 8/8
  5605 | D:5      | Reached skill level 10 in Stealth
  5610 | D:5      | Slain by a wight

Illustrated notes

Levels and vault maps discovered:
D:1:      minmay_arrival_hallway, layout_rooms, st_stairs_9, minivault_11,
          hangedman_decor_push, fountainhead, minmay_pentomino_s2
D:2:      layout_loops_ring, shapermc_ecumenical_altar_acropolis, uniq_jessica
D:3:      layout_loops_cross, mainiacjoe_overflow_catwalk,
          mainiacjoe_overflow_chevrons, mainiacjoe_overflow_swirl
D:4:      layout_cave_pools, minmay_temple_entry_wispy, grunt_decor_arrowhead
D:5:      layout_gridville
Temple:   nicolae_temple_bog_church

Skill      XL: |  1  2  3  4  5  6  7 |
---------------+----------------------+-----
Stealth        | 6 7 8 9 10 | 10.0
Dodging        | 2 3 4 |  4.4
Fighting       | 2 3 |  3.2
Long Blades    | 1 2 3 |  3.1
Throwing       | 3 |  3.2
Short Blades   | |  2.6

Action                   |  1- 3 |  4- 6 |  7- 9 || total
-------------------------+-------+-------+-------++-------
Melee: Dagger            |    44 |    22 |     1 ||    67
       Long sword        |     5 |    82 |    44 ||   131
       Punch             |       |     1 |       ||     1
Throw: Dart              |    18 |    28 |    18 ||    64
  Use: Scroll            |       |    15 |     2 ||    17
 Stab: Sleeping          |     7 |     8 |     4 ||    19
       Distracted        |       |       |     1 ||     1
Armor: Robe              |     6 |     6 |     3 ||    15
Dodge: Dodged            |    32 |    89 |    46 ||   167
